 Dungeon Crawl Stone Soup version 0.31-a0-716-gc7603755dd (webtiles) character file.

Game seed: 12788662730483155579

46 Essalna the Conjurer (level 3, -4/24 HPs)
             Began as a Demonspawn Conjurer on Sept 10, 2023.
             Slain by a gnoll
             ... wielding a +0 flail of protection
              (9 damage)
             ... on level 2 of the Dungeon.
             The game lasted 00:02:13 (1432 turns).

Essalna the Conjurer (Demonspawn Conjurer)          Turns: 1432, Time: 00:02:14

Health: -4/24      AC:  3    Str: 13    XL:     3   Next: 44%
Magic:  5/7        EV: 12    Int: 21    God:
Gold:   110        SH:  4    Dex: 17    Spells: 6/7 levels left

rFire   . . .        f - +0 dagger
rCold   . . .        (no shield)
rNeg    . . .        a - +0 robe
rPois   .            (no helmet)
rElec   .            (no cloak)
rCorr   .            (no gloves)
SInv    .            d - +0 pair of boots
Will    .....        (no amulet)
Stlth   ++           h - +6 ring of dexterity
HPRegen 0.24/turn    c - +6 ring of strength
MPRegen 0.10/turn

%: no passive effects
@: no status effects
A: condensation shield
a: no special abilities


You were on level 2 of the Dungeon.
You visited 1 branch of the dungeon, and saw 2 of its levels.

You collected 110 gold pieces.

Inventory:

Hand Weapons
 f - a +0 dagger (weapon)
Armour
 a - a +0 robe (worn)
 d - a +0 pair of boots (worn)
Jewellery
 c - a +6 ring of strength (right hand)
 h - a +6 ring of dexterity (left hand)
Scrolls
 e - a scroll of identify {unknown}
 g - a scroll of teleportation {unknown}
Potions
 i - 2 potions of might {unknown}


   Skills:
 - Level 1.7 Dodging
 - Level 1.7 Stealth
 + Level 2.9 Spellcasting
 + Level 4.6 Conjurations


You had 6 spell levels left.
You knew the following spells:

 Your Spells              Type           Power      Damage    Failure   Level
a - Magic Dart            Conj           88%        1d7       1%          1

Your spell library contained the following spells:

 Spells                   Type           Power      Damage    Failure   Level
 Searing Ray              Conj           44%        2d6       3%          2
 Dazzling Flash           Conj/Hex       24%        N/A       16%         3
 Fulminant Prism          Conj/Hex       6%         3d7       45%         4
 Iskenderun's Mystic Bla  Conj/Tloc      12%        2d5       45%         4


Dungeon Overview and Level Annotations

Branches:
Dungeon (2/15)

Altars:


Innate Abilities, Weirdness & Mutations

A meltable shield of frost defends you. (SH +4)


Message History

The gnoll is almost dead.
You block the gnoll's attack.
Casting: Magic Dart (safe; 1% risk of failure)
Confirm with . or Enter, or press ? or * to list all spells.
Aiming: Magic Dart (safe; 1% risk of failure)
Press: ? - help, Shift-Dir - straight line, f/p - gnoll
Aim: a gnoll, wielding a +0 whip (almost dead, 100% to hit)
The magic dart hits the gnoll.
You kill the gnoll!
Casting: Magic Dart (safe; 1% risk of failure)
Confirm with . or Enter, or press ? or * to list all spells.
Aiming: Magic Dart (safe; 1% risk of failure)
Press: ? - help, Shift-Dir - straight line, f - gnoll
Aim: a gnoll, wielding a +0 flail of protection (100% to hit)
The magic dart hits the gnoll.
The gnoll is lightly wounded.
The gnoll shouts!
The gnoll hits you with a +0 flail of protection!
You hit the gnoll but do no damage.
The gnoll is lightly wounded.
The gnoll hits you with a +0 flail of protection!
* * * LOW HITPOINT WARNING * * *
Magic courses through your body. The gnoll misses you.
Casting: Magic Dart (safe; 1% risk of failure)
Confirm with . or Enter, or press ? or * to list all spells.
Aiming: Magic Dart (safe; 1% risk of failure)
Press: ? - help, Shift-Dir - straight line, f/p - gnoll
Aim: a gnoll, wielding a +0 flail of protection (100% to hit)
The magic dart hits the gnoll.
The gnoll is moderately wounded.
The gnoll barely misses you.
Casting: Magic Dart (safe; 1% risk of failure)
Confirm with . or Enter, or press ? or * to list all spells.
Aiming: Magic Dart (safe; 1% risk of failure)
Press: ? - help, Shift-Dir - straight line, f/p - gnoll
Aim: a gnoll, wielding a +0 flail of protection (moderately wounded, 100% to hit)
The magic dart hits the gnoll.
The gnoll is heavily wounded.
The gnoll hits you with a +0 flail of protection!
You die...

####### ############ #@....###
...........### #g......#
.............# #.......#
.............# #g......#
.............# #.......#
#####........# #.......########
#........# #.....###....... #
#....#######.....# =......
#####....#####..†....###.....##


You could see 2 gnolls.

Vanquished Creatures
  A gnoll (D:2)
  2 endoplasms (D:1)
  3 hobgoblins
  5 jackals
  6 kobolds
  2 quokkas
  4 ball pythons
  5 bats
  A frilled lizard (D:1)
  3 goblins
  A rat (D:1)
33 creatures vanquished.

Notes
Turn   | Place    | Note
-------+----------+-------------------------------------------
     0 | D:1      | Essalna the Demonspawn Conjurer began the quest for the
                  | Orb.
     0 | D:1      | Reached XP level 1. HP: 13/13 MP: 3/3
   293 | D:1      | Gained mutation: A meltable shield of frost defends you.
                  | (SH +4) [demonic ancestry]
   293 | D:1      | Reached XP level 2. HP: 19/19 MP: 3/5
  1205 | D:2      | Reached XP level 3. HP: 24/24 MP: 2/7
  1432 | D:2      | Slain by a gnoll

Illustrated notes

Levels and vault maps discovered:
D:1:      eino_arrival_water_star, layout_rooms, st_stairs_13,
          palyth_stone_intersect, serial_bayou_lagoon_a
D:2:      layout_basic, chequers_mini_garden, grunt_decor_junction,
          roderic_lattice_a

Action                     || total
---------------------------++-------
  Melee: Unarmed           ||     7
         Dagger            ||    18
         Punch             ||     1
   Cast: Magic Dart        ||    69
    Use: Potion            ||     1
 Armour: Robe              ||    21
  Dodge: Dodged            ||    26
  Block: Other             ||     6

Table legend: (Time is in decaauts)
 A = Elapsed time spent in this place.
 B = Non-inter-level travel time spent in this place.
 C = Inter-level travel time spent in this place.
 D = Time resting spent in this place.
 E = Time spent auto-exploring this place.
 F = Levels seen in this place.
 G = Mean time per level.
                   A        B        C        D        E       F      G
               +--------+--------+--------+--------+--------+-----+--------+
         Total |   1445 |   1419 |     26 |      0 |   1234 |   2 |  722.5 |
       Dungeon |   1445 |   1419 |     26 |      0 |   1234 |   2 |  722.5 |
               +--------+--------+--------+--------+--------+-----+--------+

Top non-repeatable levels by time:
     D:1: 1076 daAuts
     D:2: 368 daAuts
